 Dungeon Crawl Stone Soup version 0.26.1-11-gd32895ea62 (webtiles) character file.

Game seed: 5346736104793231063

149 jlumianski the Grasshopper (level 5, -8/43 HPs)
             Began as a Gnoll Warper on May 1, 2021.
             Mangled by Sigmund
             ... wielding a +0 scythe
              (10 damage)
             ... on level 3 of the Dungeon.
             The game lasted 00:10:21 (2656 turns).

jlumianski the Grasshopper (Gnoll Warper)           Turns: 2656, Time: 00:10:22

Health: -8/43      AC:  3    Str: 13    XL:     5   Next: 31%
Magic:  12/12      EV: 14    Int: 17    God:
Gold:   105        SH:  0    Dex: 14    Spells: 9/14 levels left

rFire    . . .     SeeInvis .   a - +0 hand axe
rCold    . . .     Faith    .   (no shield)
rNeg     . . .     Spirit   .   b - +0 leather armour
rPois    .         Reflect  .   (no helmet)
rElec    .         Harm     .   (no cloak)
rCorr    .         Rampage  .   (no gloves)
Will     .....                  (no boots)
Stlth    ++........             (no amulet)
HPRegen  0.14/turn              (no ring)
MPRegen  0.13/turn              (no ring)

@: no status effects
A: distributed training, fangs 1, strong nose
a: no special abilities


You were on level 3 of the Dungeon.
You visited 1 branch of the dungeon, and saw 3 of its levels.

You collected 105 gold pieces.

Inventory:

Hand Weapons
 a - a +0 hand axe (weapon)
Missiles
 c - 81 stones
 e - 5 boomerangs of dispersal
 f - 7 poisoned darts (quivered)
Armour
 b - a +0 leather armour (worn)
Wands
 o - a wand of polymorph (10)
Scrolls
 d - a scroll of blinking
 j - a scroll of immolation {unknown}
 k - 3 scrolls of identify
 l - a scroll of remove curse {unknown}
 m - 3 scrolls of teleportation
 n - a scroll of amnesia {unknown}
 p - a scroll of noise {unknown}
Potions
 g - 2 potions of curing
 h - a potion of might
 i - a potion of degeneration {unknown}
 q - a potion of heal wounds {unknown}
 r - a potion of haste {unknown}
 s - 2 potions of flight {unknown}


   Skills:
 + Level 4.7 Fighting
 + Level 1.4 Short Blades
 + Level 1.4 Long Blades
 + Level 4.7 Axes
 + Level 1.4 Maces & Flails
 + Level 1.4 Polearms
 + Level 1.4 Staves
 + Level 1.4 Slings
 + Level 1.4 Bows
 + Level 1.4 Crossbows
 + Level 2.9 Throwing
 + Level 2.9 Armour
 + Level 4.7 Dodging
 + Level 1.4 Stealth
 + Level 1.4 Shields
 + Level 1.4 Unarmed Combat
 + Level 5.2 Spellcasting
 + Level 1.1 Conjurations
 + Level 1.1 Hexes
 + Level 1.1 Summonings
 + Level 1.1 Necromancy
 + Level 5.5 Translocations
 + Level 1.1 Transmutations
 + Level 1.1 Fire Magic
 + Level 1.1 Ice Magic
 + Level 1.1 Air Magic
 + Level 1.1 Earth Magic
 + Level 1.1 Poison Magic
 + Level 1.6 Invocations
 + Level 1.4 Evocations


You had 9 spell levels left.
You knew the following spells:

 Your Spells              Type           Power        Failure   Level
a - Blink                 Tloc           N/A          2%          2
b - Gell's Gravitas       Tloc           11%          5%          3

Your spell library contained the following spells:

 Spells                   Type           Power        Failure   Level
 Lesser Beckoning         Tloc           11%          5%          3
 Teleport Other           Tloc           23%          5%          3
 Passage of Golubria      Tloc           N/A          19%         4


Dungeon Overview and Level Annotations

Branches:
Dungeon (3/15)

Altars:
Nemelex Xobeh

Annotations:
D:3 Sigmund


Innate Abilities, Weirdness & Mutations

Your experience applies equally to all skills.
You have very sharp teeth.
Your uncanny sense of smell can sniff out nearby items.


Message History

Sigmund is heavily wounded.
Sigmund barely misses you.
You hit Sigmund but do no damage.
Sigmund is heavily wounded.
You closely miss Sigmund.
Sigmund is heavily wounded.
Sigmund points at you and mumbles some strange words.
The magic dart hits you.
You closely miss Sigmund. You bite Sigmund.
Sigmund is heavily wounded.
Sigmund gestures at you while chanting. The puff of flame hits you!
* * * LOW HITPOINT WARNING * * *
You hit Sigmund.
Sigmund is heavily wounded.
Sigmund points at you and mumbles some strange words.
The magic dart hits you!
* * * LOW HITPOINT WARNING * * *
Sigmund hits you from afar with a +0 scythe!
You die...

##...###..........#
#.....##.(........#
###.#.#.##(.........###
.)....#.##.................
###.†........(......###....
#.....###.........# ∆ ..
#......##...@.....#
#......##.......).#
#.###..##....>@...# #.#
..######.##### #.# #.# ##.#
# #.. .# #..# # #. #.## #
#. # .. # #.. # #..


You could see Sigmund.

Vanquished Creatures
  An orc priest (D:3)
  A worker ant (D:2)
  4 adders
  2 oozes (D:1)
  A worm (D:2)
  4 dart slugs
  4 orcs (D:3)
  2 ball pythons
  2 bats
  2 giant cockroaches
  4 goblins
  4 hobgoblins (D:2)
  5 kobolds
  2 frilled lizards
  7 rats
45 creatures vanquished.

Notes
Turn   | Place    | Note
-------+----------+-------------------------------------------
     0 | D:1      | jlumianski the Gnoll Warper began the quest for the Orb.
     0 | D:1      | Reached XP level 1. HP: 20/20 MP: 6/6
   113 | D:1      | Reached XP level 2. HP: 7/26 MP: 7/7
   116 | D:1      | Learned a level 2 spell: Blink
   978 | D:2      | Reached XP level 3. HP: 30/31 MP: 9/9
   982 | D:2      | Learned a level 3 spell: Gell's Gravitas
  1009 | D:2      | Reached skill level 5 in Spellcasting
  1087 | D:2      | Found a sparkling altar of Nemelex Xobeh.
  1213 | D:2      | Reached skill level 1 in Invocations
  1520 | D:2      | Reached skill level 1 in Short Blades
  1520 | D:2      | Reached skill level 1 in Long Blades
  1520 | D:2      | Reached skill level 1 in Maces & Flails
  1520 | D:2      | Reached skill level 1 in Polearms
  1520 | D:2      | Reached skill level 1 in Staves
  1520 | D:2      | Reached skill level 1 in Slings
  1520 | D:2      | Reached skill level 1 in Bows
  1520 | D:2      | Reached skill level 1 in Crossbows
  1520 | D:2      | Reached skill level 1 in Stealth
  1520 | D:2      | Reached skill level 1 in Shields
  1520 | D:2      | Reached skill level 1 in Unarmed Combat
  1520 | D:2      | Reached skill level 1 in Evocations
  1520 | D:2      | Reached XP level 4. HP: 19/38 MP: 11/11
  2032 | D:2      | Reached skill level 1 in Conjurations
  2032 | D:2      | Reached skill level 1 in Hexes
  2032 | D:2      | Reached skill level 1 in Summonings
  2032 | D:2      | Reached skill level 1 in Necromancy
  2032 | D:2      | Reached skill level 1 in Transmutations
  2032 | D:2      | Reached skill level 1 in Fire Magic
  2032 | D:2      | Reached skill level 1 in Ice Magic
  2032 | D:2      | Reached skill level 1 in Air Magic
  2032 | D:2      | Reached skill level 1 in Earth Magic
  2032 | D:2      | Reached skill level 1 in Poison Magic
  2353 | D:3      | Reached XP level 5. HP: 34/43 MP: 12/12
  2494 | D:3      | Noticed Sigmund
  2655 | D:3      | HP: 2/43 [Sigmund/magic dart (7)]
  2656 | D:3      | Mangled by Sigmund

Illustrated notes

Levels and vault maps discovered:
D:1:      onia_arrival_handbag, layout_loops_cross
D:2:      layout_basic, nemelex_spade_bored_becter
D:3:      layout_loops_cross, chequers_ecumenical_altar_simple, uniq_sigmund

Skill      XL: |  1  2  3  4 |
---------------+-------------+-----
Spellcasting   | 5 |  5.2
Invocations    | 1 |  1.6
Short Blades   | 1 |  1.4
Long Blades    | 1 |  1.4
Maces & Flails | 1 |  1.4
Polearms       | 1 |  1.4
Staves         | 1 |  1.4
Slings         | 1 |  1.4
Bows           | 1 |  1.4
Crossbows      | 1 |  1.4
Stealth        | 1 |  1.4
Shields        | 1 |  1.4
Unarmed Combat | 1 |  1.4
Evocations     | 1 |  1.4
Conjurations   | 1 |  1.1
Hexes          | 1 |  1.1
Summonings     | 1 |  1.1
Necromancy     | 1 |  1.1
Transmutations | 1 |  1.1
Fire Magic     | 1 |  1.1
Ice Magic      | 1 |  1.1
Air Magic      | 1 |  1.1
Earth Magic    | 1 |  1.1
Poison Magic   | 1 |  1.1
Fighting       | |  4.7
Axes           | |  4.7
Throwing       | |  2.9
Armour         | |  2.9
Dodging        | |  4.7
Translocations | |  5.5

Action                   |  1- 3 |  4- 6 || total
-------------------------+-------+-------++-------
Melee: Hand axe          |   110 |    75 ||   185
       Bite              |     9 |     9 ||    18
Throw: Stone             |     2 |       ||     2
       Dart              |       |     7 ||     7
  Use: Potion            |     1 |       ||     1
       Scroll            |       |     2 ||     2
 Stab: Sleeping          |     3 |       ||     3
Armor: Leather armour    |    23 |     8 ||    31
Dodge: Dodged            |    74 |    40 ||   114
